 Seeded DCSS version 0.32-a0-44-g58955fa (webtiles) character file.

Game seed: 7407443373086027000 (custom seed)

492 edsrzf the Trooper (level 7, 0/59 HPs)
             Began as a Human Summoner on Feb 4, 2024.
             Succumbed to a water moccasin's poison
             ... on level 4 of the Dungeon.
             The game lasted 00:12:09 (3794 turns).

edsrzf the Trooper (Human Summoner)                 Turns: 3794, Time: 00:12:10

Health: 0/59       AC:  4    Str: 10    XL:     7   Next: 14%
Magic:  11/11      EV: 12    Int: 16    God:
Gold:   144        SH:  0    Dex: 13    Spells: 11/12 levels left

rFire   . . .        n - staff of conjuration
rCold   . . .        (no shield)
rNeg    . . .        a - +0 robe
rPois   .            (no helmet)
rElec   .            p - +1 cloak
rCorr   .            (no gloves)
SInv    .            (no boots)
Will    +....        (no amulet)
Stlth   +            (no ring)
HPRegen 0.29/turn    (no ring)
MPRegen 0.12/turn

%: no passive effects
@: confused, lethally poisoned (0 -> -35), ambrosia-drunk, enlightened, flying
A: explore regen, mutation resistance 1
a: no special abilities


You were on level 4 of the Dungeon.
You visited 1 branch of the dungeon, and saw 6 of its levels.

You collected 197 gold pieces.
You spent 53 gold pieces at shops.

Inventory:

Armour
 a - a +0 robe (worn)
 p - a +1 cloak (worn)
Magical Staves
 n - a staff of conjuration (weapon)
Jewellery
 h - a ring of resist corrosion
Scrolls
 i - a scroll of enchant armour
 k - a scroll of immolation {unknown}
Potions
 b - 2 potions of magic
 e - a potion of cancellation


   Skills:
 + Level 6.7 Fighting
 - Level 2.0 Dodging
 - Level 2.0 Stealth
 - Level 3.0 Spellcasting
 - Level 4.0 Summonings


You had 11 spell levels left.
You knew the following spells:

 Your Spells              Type           Power      Damage    Failure   Level
a - Summon Small Mammal   Summ           60%        N/A       3%          1

Your spell library contained the following spells:

 Spells                   Type           Power      Damage    Failure   Level
 Call Imp                 Summ           30%        N/A       5%          2
 Call Canine Familiar     Summ           15%        N/A       11%         3
 Sublimation of Blood     Necr           2%         N/A       28%         2
 Summon Blazeheart Golem  Fire/Summ      8%         N/A       63%         4
 Summon Lightning Spire   Summ/Air       8%         N/A       63%         4
 Summon Hydra             Summ           7%         N/A       100%        7


Dungeon Overview and Level Annotations

Branches:
Dungeon (6/15)
 Temple: D:4-7

Altars:
Elyvilon

Shops:
D:6 *(*

Annotations:
D:3 Sigmund
D:6 exclusion: 2 black bears


Innate Abilities, Weirdness & Mutations

You regain HP and MP as you explore.
You are somewhat resistant to further mutation.


Message History

Found 14 gold pieces.
The hound barks!
Your bat hits the orc.
The dart slug briefly extends its eye-stalks.
The dart slug launches a dart at you. The slug dart hits you.
The water moccasin attacks as it pursues you!
The water moccasin bites you but does no damage.
The orc misses your bat.
The orc priest casts a cantrip, but nothing happens.
The orc priest mumbles some strange prayers to Beogh against you.
Pain shoots through your body!
Your bat hits the orc.
Your bat barely misses the orc.
The dart slug launches a dart at you. The slug dart misses you.
The orc priest barely misses you.
The orc wizard hits you with a +0 dagger of venom.
You are poisoned.
The orc priest calls upon Beogh to heal the orc.
The orc's wounds heal themselves!
Your bat hits the orc.
There is a stone staircase leading up here.
You feel very sick.
Your bat barely misses the orc.
The water moccasin bites you.
You are more poisoned.
The water moccasin poisons you!
The orc wizard hits you with a +0 dagger of venom.
The orc priest hits you from afar with a +0 trident.
The water moccasin bites you but does no damage.
You climb upwards.
You hear the hiss of flowing sand.
There is an entrance to an ossuary on this level.
Hurry and find it before the portal is buried!
You feel very sick.
There is a stone staircase leading down here.
Okay, then.
You feel very sick. The water moccasin closely misses you.
Found 10 gold pieces.
You feel very sick.
The water moccasin attacks as it pursues you!
The water moccasin bites you but does no damage.
The orc wizard gestures wildly while chanting.
The orc wizard flickers and vanishes!
Deactivating autopickup; reactivate with Ctrl-A.
You feel very sick. The water moccasin closely misses you.
Casting: Summon Small Mammal (safe; 3% risk of failure)
Confirm with . or Enter, or press ? or * to list all spells.
You feel sick. The water moccasin bites you.
Casting: Summon Small Mammal (safe; 3% risk of failure)
Confirm with . or Enter, or press ? or * to list all spells.
You feel sick. The water moccasin bites you. x2
You are more poisoned.
The water moccasin poisons you!
You hit the water moccasin but do no damage.
You feel very sick. The water moccasin barely misses you.
Your bat hits the water moccasin but does no damage.
Your rat misses the water moccasin.
It was a potion of enlightenment.
You feel very buoyant.
You fly up into the air.
You feel very sick.
Your bat completely misses the water moccasin.
The water moccasin bites you.
* * * LOW HITPOINT WARNING * * *
The water moccasin bites you but does no damage.
Your rat closely misses the water moccasin.
It was a potion of mutation.
You feel extremely strange.
You feel stronger.
You feel weaker.
You feel genetically stable.
You feel very sick.
Your bat closely misses the water moccasin.
The water moccasin misses you.
Your rat bites the water moccasin.
Okay, then.
You are confused.
You feel invigorated.
You feel sick.
Your bat barely misses the water moccasin.
The water moccasin closely misses you.
Your rat bites the water moccasin but does no damage.
The water moccasin bites you.
* * * LOW HITPOINT WARNING * * *
You feel sick.
Your bat hits the water moccasin.
Your bat barely misses the water moccasin.
The water moccasin bites you.
* * * LOW HITPOINT WARNING * * *
You are lethally poisoned!
The water moccasin poisons you!
Your rat barely misses the water moccasin.
Okay, then.
Okay, then.
* * * LOW HITPOINT WARNING * * *
You feel very sick.
Your bat closely misses the water moccasin.
Your bat barely misses the water moccasin.
The water moccasin bites you!
* * * LOW HITPOINT WARNING * * *
You are more poisoned.
The water moccasin poisons you!
Your rat closely misses the water moccasin.
You die...

#.# #W.#####
####.....#
.........#
.........#
#...W># ####{##
###S#######
#..@r.....#
......b.......#
..............#
..............#
..............#
..............#
....$.........#
......#########


You could see a water moccasin (ally target), a phantom, a friendly bat
(summoned) and a friendly rat (summoned).

Vanquished Creatures
  An ice beast (D:6)
  A black bear (D:6)
  A phantom (D:6)
  A hound (D:6)
  An iguana (D:6)
  2 gnolls (D:6)
  2 adders
  2 ufetubi (D:6)
  An orc (D:6)
  4 endoplasms
  2 giant cockroaches
  A hobgoblin (D:2)
  2 kobolds
  A quokka (D:2)
  7 ball pythons
  A bat (D:1)
  3 goblins (D:2)
  6 rats
39 creatures vanquished.

Vanquished Creatures (collateral kills)
  A hound (D:6)
  A gnoll (D:6)
  2 adders (D:2)
  2 ribbon worms (D:2)
  A dart slug (D:1)
  3 endoplasms
  A goblin (D:1)
  5 hobgoblins
  3 kobolds
  2 quokkas (D:1)
  2 ball pythons
  A bat (D:1)
  A frilled lizard (D:2)
25 creatures vanquished.

Grand Total: 64 creatures vanquished

Notes
Turn   | Place    | Note
-------+----------+-------------------------------------------
     0 | D:1      | edsrzf the Human Summoner began the quest for the Orb.
     0 | D:1      | Reached XP level 1. HP: 13/13 MP: 3/3
   145 | D:1      | Identified 3 potions of degeneration
   560 | D:1      | Reached XP level 2. HP: 16/19 MP: 0/5
  1236 | D:1      | Reached skill level 3 in Spellcasting
  1555 | D:2      | Reached skill level 1 in Fighting
  1555 | D:2      | Reached XP level 3. HP: 21/26 MP: 5/7
  1691 | D:2      | Reached skill level 2 in Fighting
  1697 | D:2      | Identified 2 potions of curing
  1818 | D:2      | Reached XP level 4. HP: 16/34 MP: 4/8
  2429 | D:3      | Noticed Sigmund
  2622 | D:3      | You fall into a shaft and drop 3 floors!
  2624 | D:6      | Found Ytoro's General Store.
  2643 | D:6      | Reached skill level 3 in Fighting
  2774 | D:6      | Noticed a phantom
  2778 | D:6      | Identified 2 scrolls of identify
  2778 | D:6      | Identified 2 potions of lignification
  2779 | D:6      | Identified 2 scrolls of noise
  2781 | D:6      | Identified 2 scrolls of enchant armour
  2807 | D:6      | Killed a phantom
  2808 | D:6      | Reached skill level 4 in Fighting
  2808 | D:6      | Reached XP level 5. HP: 43/43 MP: 9/9
  2927 | D:6      | Noticed a steam dragon
  2931 | D:6      | Identified a scroll of poison
  2932 | D:6      | Identified a scroll of fear
  2933 | D:6      | Identified a scroll of teleportation
  2935 | D:6      | Found Ufeun's Antique Weapon Shop.
  2936 | D:6      | Noticed a black bear
  2936 | D:6      | Noticed an ice beast
  2945 | D:6      | Killed an ice beast
  2946 | D:6      | Reached skill level 5 in Fighting
  2946 | D:6      | Reached XP level 6. HP: 51/51 MP: 10/10
  2977 | D:6      | Killed a black bear
  2978 | D:6      | Reached skill level 6 in Fighting
  2983 | D:6      | Identified 2 potions of berserk rage
  3149 | D:6      | Noticed a black bear
  3288 | D:6      | Reached XP level 7. HP: 17/59 MP: 9/11
  3654 | D:6      | Found a white marble altar of Elyvilon.
  3668 | D:6      | Identified a potion of ambrosia
  3693 | D:6      | Found Ageheerchy's Assorted Antiques.
  3699 | D:6      | Bought a dark potion for 25 gold pieces
  3699 | D:6      | Bought a scroll labelled BOENUCUMUISH for 28 gold pieces
  3748 | D:5      | Entered Level 5 of the Dungeon
  3789 | D:4      | Identified a potion of enlightenment
  3790 | D:4      | Identified a potion of mutation
  3790 | D:4      | Gained mutation: Your muscles are strong. (Str +4, Int/Dex
                  | -1) [potion of mutation]
  3790 | D:4      | Lost mutation: Your muscles are strong. (Str +4, Int/Dex
                  | -1) [potion of mutation]
  3790 | D:4      | Gained mutation: You are somewhat resistant to further
                  | mutation. [potion of mutation]
  3794 | D:4      | Succumbed to a water moccasin's poison

Illustrated notes

Levels and vault maps discovered:
D:1:      scummos_arrival_simple_fountains, layout_basic
D:2:      layout_rooms, minmay_tripent
D:3:      layout_loops_cross, kennysheep_generic_room_16, uniq_sigmund,
          uniq_robin, uniq_terence
D:4:      layout_rooms, old_standard_altar, lemuel_temple_firewalk_b,
          lightli_ossuary_entry_decrepit_ruins, saegor_snake_ambush
D:5:      layout_rooms, grunt_decor_one_mirror
D:6:      layout_loops_ring, nicolae_sif_muna_little_library,
          overflow_temple_1_default, serial_aquarium, aquarium_bridge_square
          [aquarium_subvault_wall, aquarium_subvault_window,
          aquarium_subvault_bridge, aquarium_subvault_wall],
          aquarium_bridge_straight [aquarium_subvault_bridge,
          aquarium_subvault_balcony, aquarium_subvault_bridge,
          aquarium_subvault_wall], aquarium_window_corridor_2,
          aquarium_window_1, aquarium_view_4, aquarium_view_2e,
          aquarium_balcony_3b, aquarium_pool_side, serial_shops, shop_fountains,
          shop, nicolae_lakefront_shop, nicolae_shop_pleasant_corner_grove

Skill      XL: |  1  2  3  4  5  6 |
---------------+-------------------+-----
Spellcasting   | 3 |  3.0
Fighting       | 1 2 4 5 6 |  6.7
Dodging        | |  2.0
Stealth        | |  2.0
Summonings     | |  4.0

Action                     |  1- 3 |  4- 6 |  7- 9 || total
---------------------------+-------+-------+-------++-------
  Melee: Unarmed           |   174 |   106 |       ||   280
         Punch             |     2 |       |       ||     2
         Staff             |       |    61 |    23 ||    84
   Cast: Summon Small Mamm |    39 |    28 |     6 ||    73
    Use: Potion            |     3 |     7 |     3 ||    13
         Scroll            |       |     6 |     2 ||     8
   Stab: Sleeping          |     4 |     1 |       ||     5
         Distracted        |     1 |     2 |       ||     3
 Armour: Robe              |    75 |   120 |    37 ||   232
         Skin              |       |    55 |       ||    55
  Dodge: Dodged            |   145 |   140 |    23 ||   308

Table legend: (Time is in decaauts)
 A = Elapsed time spent in this place.
 B = Non-inter-level travel time spent in this place.
 C = Inter-level travel time spent in this place.
 D = Time resting spent in this place.
 E = Time spent auto-exploring this place.
 F = Levels seen in this place.
 G = Mean time per level.
                   A        B        C        D        E       F      G
               +--------+--------+--------+--------+--------+-----+--------+
         Total |   3829 |   3725 |    104 |    954 |   1703 |   6 |  638.2 |
       Dungeon |   3829 |   3725 |    104 |    954 |   1703 |   6 |  638.2 |
               +--------+--------+--------+--------+--------+-----+--------+

Top non-repeatable levels by time:
     D:1: 1529 daAuts
     D:6: 1160 daAuts
     D:2: 820 daAuts
     D:3: 271 daAuts
     D:5: 34 daAuts
     D:4: 12 daAuts
